 Dungeon Crawl Stone Soup version 0.31.0-11-ge490571c62 (webtiles) character file.

Game seed: 16047743380530669905

1425 monsoonserge the Frost Mage (level 8, -3/57 HPs)
             Began as a Barachi Ice Elementalist on Feb 2, 2024.
             Slain by a sleepcap (9 damage)
             ... on level 6 of the Dungeon on Feb 3, 2024.
             The game lasted 00:21:02 (5485 turns).

monsoonserge the Frost Mage (BaIE)                  Turns: 5485, Time: 00:21:03

Health: -3/57      AC:  0    Str:  6 (9)  XL:     8   Next: 72%
Magic:  14/14      EV: 15    Int: 14 (17) God:
Gold:   190        SH:  0    Dex: 13 (14) Spells: 8/15 levels left

rFire   . . .        y - melded +0 orcbow
rCold   . . .        (shield currently unavailable)
rNeg    . . .        i - melded +0 leather armour
rPois   .            (helmet currently unavailable)
rElec   .            m - melded +0 cloak
rCorr   .            (gloves currently unavailable)
SInv    .            (boots currently unavailable)
Will    .....        (no amulet)
Stlth   ++           (ring currently unavailable)
HPRegen 0.29/turn    (ring currently unavailable)
MPRegen 0.14/turn

%: no passive effects
@: pig-form (expiring), very quick
A: fast, no casting, (amphibious), small, (slowness 1), (strong legs 1), +LOS
a: no special abilities


You were on level 6 of the Dungeon.
You were a filthy swine.
You visited 2 branches of the dungeon, and saw 7 of its levels.

You collected 190 gold pieces.

Inventory:

Hand Weapons
 q - a +0 short sword
 y - a +0 orcbow (melded)
 z - a +0 falchion
 B - a +3 dagger
 E - a +0 sling
Armour
 i - a +0 leather armour (melded)
 m - a +0 cloak (melded)
 o - a +2 kite shield
 w - a scarf of invisibility
Magical Staves
 t - a staff of conjuration
Wands
 p - a wand of digging (15)
 F - a wand of charming (6)
Scrolls
 a - 2 scrolls of teleportation {unknown}
 d - 3 scrolls of vulnerability {unknown}
 h - a scroll of immolation {unknown}
 j - 2 scrolls of fear {unknown}
 k - 3 scrolls of fog
 l - a scroll of amnesia {unknown}
 n - 2 scrolls of identify {unknown}
 s - 2 scrolls of enchant weapon {unknown}
 u - a scroll of enchant armour {unknown}
 A - a scroll of brand weapon {unknown}
Potions
 b - 2 potions of magic
 c - 2 potions of cancellation {unknown}
 e - a potion of brilliance {unknown}
 f - 2 potions of heal wounds {unknown}
 g - 2 potions of invisibility {unknown}
 r - 2 potions of degeneration
 v - a potion of haste {unknown}
 x - a potion of curing {unknown}
 D - a potion of mutation {unknown}
 G - a potion of might {unknown}


   Skills:
 + Level 2.9 Fighting
 + Level 3.3 Short Blades
 + Level 3.8 Ranged Weapons
 - Level 4.0 Armour
 + Level 3.6 Dodging
 - Level 2.0 Stealth
 - Level 4.0 Spellcasting
 - Level 3.0 Summonings
 + Level 8.5 Ice Magic
 + Level 0.1 Evocations


You had 8 spell levels left.
You knew the following spells:

 Your Spells              Type           Power      Damage    Failure   Level
a - Freeze                Ice            100%       1d10      1%          1
b - Frozen Ramparts       Ice            52%        1d8       1%          3
c - Summon Ice Beast      Ice/Summ       18%        N/A       5%          3

Your spell library contained the following spells:

 Spells                   Type           Power      Damage    Failure   Level
 Ozocubu's Armour         Ice            26%        N/A       1%          3
 Summon Small Mammal      Summ           44%        N/A       5%          1
 Call Canine Familiar     Summ           11%        N/A       17%         3
 Apportation              Tloc           4%         N/A       19%         1
 Necrotise                Necr           8%         1d4       19%         1
 Sting                    Conj/Alch      8%         1d3       19%         1
 Mercury Vapours          Alch/Air       4%         N/A       28%         2
 Sigil of Binding         Hex            2%         N/A       50%         3
 Dimensional Bullseye     Hex/Tloc       1%         N/A       88%         4
 Olgreb's Toxic Radiance  Alch           2%         N/A       88%         4
 Vhi's Electric Charge    Tloc/Air       4%         N/A       88%         4
 Arcjolt                  Conj/Air       1%         1d11      99%         5
 Maxwell's Capacitive Co  Air            1%         ∞         100%        8


Dungeon Overview and Level Annotations

Branches:
Dungeon (6/15)             Temple (1/1) D:4

Altars:
Cheibriados
Elyvilon
Fedhas
Gozag
Hepliaklqana
Kikubaaqudgha
Nemelex Xobeh
Okawaru
Qazlal
Ru
Sif Muna
Trog
Uskayaw
Xom
Yredelemnul
Zin

Shops:
D:3 [

Annotations:
D:4 1 runed translucent door, gummybears's ghost, amateur OpSh


Innate Abilities, Weirdness & Mutations

You are a filthy swine.
You move quickly.
Your equipment is almost entirely melded.
You are incapable of wielding weapons or throwing items.
You cannot cast spells.
((You are amphibious.))
((You cover ground slowly.))
((You can hop short distances.))
You have an extended range of vision and can be seen from far away.


Message History

The puff of flame hits Dowan.
You kill Dowan!
The sleepcap releases spores at you.
You are engulfed in a cloud of soporific spores!
You fall asleep.
The sleepcap releases spores at you!!
You wake up.
* * * LOW HITPOINT WARNING * * *
You are engulfed in a cloud of soporific spores!
You are unaffected.
Aiming: Throw Flame
Press: ? - help, Shift-Dir - straight line, f - sleepcap
Aim: a sleepcap (100% to hit)
The puff of flame hits the sleepcap.
The sleepcap is lightly damaged.
The sleepcap misses you.
Aiming: Throw Flame
Press: ? - help, Shift-Dir - straight line, f/p - sleepcap
Aim: a sleepcap (lightly damaged, 100% to hit)
The puff of flame hits the sleepcap but does no damage.
The sleepcap is lightly damaged.
Your transformation is almost over.
The sleepcap releases spores at you.
* * * LOW HITPOINT WARNING * * *
Aiming: Throw Flame
Press: ? - help, Shift-Dir - straight line, f/p - sleepcap
Aim: a sleepcap (lightly damaged, 100% to hit)
The puff of flame hits the sleepcap.
The sleepcap is moderately damaged.
The now-empty wand crumbles to dust.
The sleepcap closely misses you.
Unknown command.
Okay, then.
You hit the sleepcap but do no damage.
The sleepcap is moderately damaged.
The sleepcap releases spores at you.
* * * LOW HITPOINT WARNING * * *
It was a potion of degeneration.
There was something very wrong with that liquid.
You feel weakened.
You feel dopey.
You feel clumsy. The sleepcap releases spores at you!
You die...

#..#.##...§.###).)..##
#....#..§§≈§..##...##.
###..#.#.≈≈§§≈..........
.......)#).≈§≈...##...##.
+. #...##...§.###.....##
#..#.#..#######.......).
#.......................
#.#......######.........
####.h## #>......... #f)#
#.......... #..#
#.......... #..^
#.......... #..#
#..(....... #..#
#.......... ...#
#.#........ #..#
..##...#.## #..#


You could see a sleepcap.

Vanquished Creatures
  Duvessa (D:6)
  A black bear (D:3)
  An ogre (D:5)
  A phantom (D:5)
  A necrophage (D:4)
  2 scorpions
  Dowan (D:6)
  A crimson imp (D:6)
  2 bombardier beetles
  A bullfrog zombie (D:4)
  2 hounds
  3 orc wizards
  4 adders
  A white imp (D:6)
  An adder zombie (D:4)
  5 ribbon worms
  A dart slug (D:1)
  7 orcs
  4 ball pythons
  A bat (D:1)
  3 endoplasms
  6 giant cockroaches
  9 goblins
  6 hobgoblins
  6 quokkas
  6 frilled lizards
  2 kobolds
  5 rats
  A butterfly (D:4)
85 creatures vanquished.

Vanquished Creatures (collateral kills)
  A black bear (D:5)
  An ogre (D:4)
  2 phantoms (D:4)
  A bullfrog skeleton (D:4)
  A human zombie (D:4)
  2 hound zombies (D:4)
  2 shadow imps (D:4)
  An adder zombie (D:4)
  An adder skeleton (D:4)
  An endoplasm (D:4)
  A jackal zombie (D:4)
14 creatures vanquished.

Grand Total: 99 creatures vanquished

Notes
Turn   | Place    | Note
-------+----------+-------------------------------------------
     0 | D:1      | monsoonserge the Barachi Ice Elementalist began the quest
                  | for the Orb.
     0 | D:1      | Reached XP level 1. HP: 13/13 MP: 3/3
    42 | D:1      | Reached skill level 5 in Ice Magic
   156 | D:1      | Reached XP level 2. HP: 19/19 MP: 1/5
   974 | D:2      | Reached XP level 3. HP: 24/24 MP: 1/6
   981 | D:1      | Learned a level 3 spell: Frozen Ramparts
  1078 | D:2      | Reached skill level 1 in Armour
  1448 | D:2      | Found a faded altar of an unknown god.
  1893 | D:3      | Reached XP level 4. HP: 29/30 MP: 5/8
  1941 | D:3      | Found Rinkot's Armour Shoppe.
  1978 | D:3      | Noticed a black bear
  1984 | D:3      | Killed a black bear
  1985 | D:3      | Reached skill level 1 in Short Blades
  1985 | D:3      | Reached skill level 6 in Ice Magic
  1985 | D:3      | Reached XP level 5. HP: 35/35 MP: 3/9
  2164 | D:3      | Found a white marble altar of Elyvilon.
  2165 | D:3      | Found a sacrificial altar of Ru.
  2490 | D:4      | Noticed gummybears's ghost (amateur OpSh)
  2490 | D:4      | Noticed a phantom
  2533 | D:4      | Learned a level 3 spell: Summon Ice Beast
  2777 | D:4      | Found a runed translucent door.
  2915 | D:4      | Killed a phantom
  2916 | D:4      | Reached skill level 1 in Summonings
  2916 | D:4      | Reached XP level 6. HP: 5/42 MP: 6/10
  3173 | D:4      | Reached skill level 7 in Ice Magic
  3173 | D:4      | Reached XP level 7. HP: 47/47 MP: 6/12
  3217 | D:4      | Found a shimmering altar of Xom.
  3219 | D:4      | Found a staircase to the Ecumenical Temple.
  3226 | Temple   | Entered the Ecumenical Temple
  3856 | D:4      | Reached skill level 1 in Fighting
  3856 | D:4      | Found an ancient bone altar of Kikubaaqudgha.
  4059 | D:5      | Entered Level 5 of the Dungeon
  4124 | D:5      | Reached XP level 8. HP: 56/56 MP: 7/14
  4367 | D:5      | Reached skill level 1 in Ranged Weapons
  4367 | D:5      | Reached skill level 8 in Ice Magic
  4408 | D:5      | Found a stormy altar of Qazlal.
  5054 | D:5      | Found an iron altar of Okawaru.
  5465 | D:6      | Noticed Duvessa
  5467 | D:6      | Noticed Dowan
  5472 | D:6      | Killed Duvessa
  5479 | D:6      | Killed Dowan
  5485 | D:6      | Slain by a sleepcap

Illustrated notes

Levels and vault maps discovered:
D:1:      dpeg_arrival_stonehenge_8_columns, layout_loops_ring
D:2:      layout_basic, hellmonk_ecumenical_altar_inner_sanctum,
          minmay_misc_feat_iff
D:3:      layout_rooms, nicolae_overflow_two_pavilions, serial_shops,
          nicolae_shop_tiny_glass
D:4:      layout_rooms, lemuel_mausoleum_altar_kikubaaqudgha, xom_butterflies,
          minmay_temple_entry_statues_pillars, hellmonk_ghost_happy_afterlife,
          eino_tiny_chamber
D:5:      layout_basic, mainiacjoe_overflow_alcove_4,
          nicolae_qazlal_general_emergency
D:6:      minmay_chambers_of_sixes, layout_rooms,
          chequers_temple_overflow_statue_of_worship,
          ebering_dispersal_statue_hall, minivault_11, minmay_fire_ice_demons,
          uniq_edmund, uniq_duvessa
Temple:   chequers_temple_sunken

Skill      XL: |  1  2  3  4  5  6  7  8 |
---------------+-------------------------+-----
Ice Magic      | 5 6 7 8 |  8.5
Stealth        | 2 |  2.0
Armour         | 1 2 3 4 |  4.0
Short Blades   | 1 2 3 |  3.3
Spellcasting   | 3 4 |  4.0
Dodging        | 3 |  3.6
Summonings     | 1 2 3 |  3.0
Fighting       | 1 2 |  2.9
Ranged Weapons | 3 |  3.8
Evocations     | |  0.1

Action                     |  1- 3 |  4- 6 |  7- 9 || total
---------------------------+-------+-------+-------++-------
  Melee: Dagger            |    24 |       |       ||    24
         Short sword       |    11 |    60 |    75 ||   146
         Unarmed           |       |       |     1 ||     1
   Fire: Orcbow            |       |       |    75 ||    75
   Cast: Freeze            |    41 |    19 |     4 ||    64
         Frozen Ramparts   |     6 |     7 |    19 ||    32
         Summon Ice Beast  |       |     4 |     8 ||    12
Ability: Hop               |     1 |     1 |       ||     2
  Evoke: Wand              |       |       |    11 ||    11
    Use: Scroll            |       |     1 |       ||     1
         Potion            |       |       |     1 ||     1
   Stab: Sleeping          |     2 |     3 |       ||     5
         Distracted        |       |       |     1 ||     1
 Armour: Robe              |     4 |       |       ||     4
         Leather armour    |    18 |    38 |    61 ||   117
         Skin              |       |       |     8 ||     8
  Dodge: Dodged            |    38 |    31 |    43 ||   112
